 Dungeon Crawl Stone Soup version 0.17-a0-1997-ga88ed7d (webtiles) character file.

74 Maka the Chopper (level 4, -7/40 HPs)
             Began as a Deep Dwarf Fighter on Oct 8, 2015.
             Killed by divine providence
             ... invoked by an orc priest
              (15 damage)
             ... on level 3 of the Dungeon.
             The game lasted 00:04:17 (1383 turns).

Maka the Chopper (Deep Dwarf Fighter)               Turns: 1383, Time: 00:04:17

Health: -7/40      AC:  9    Str: 19    XL:     4   Next: 9%
Magic:  4/4        EV:  7    Int:  9    God:
Gold:   67         SH:  9    Dex: 13    Spells: 0 memorised, 3 levels left

rFire  + . .     SeeInvis .     a - +0 war axe
rCold  . . .     Clarity  .     g - +1 scale mail {rF+}
rNeg   . . .     SustAt   .     c - +0 shield
rPois  .         Gourm    .     (no helmet)
rElec  .         Spirit   .     m - +0 cloak
rCorr  .         Warding  .     (no gloves)
rMut   .         Stasis   .     (no boots)
MR     .....                    (no amulet)
Stlth  ..........               (no ring)
                                (no ring)

@: non-regenerating, not resistant to hostile enchantments, extremely unstealthy
A: damage resistance, recharge devices, sense surroundings 1, slow regeneration
3
a: Device Recharging


You were on level 3 of the Dungeon.
You were not hungry.

You visited 1 branch of the dungeon, and saw 3 of its levels.

You collected 67 gold pieces.

Inventory:

Hand Weapons
 a - a +0 war axe (weapon)
Armour
 c - a +0 shield (worn)
 g - a +1 scale mail of fire resistance (worn)
 m - a +0 cloak (worn)
Wands
 Z - a wand of heal wounds (5)
Scrolls
 b - a scroll of identify {unknown}
 e - a scroll of random uselessness {unknown}
 h - a scroll of enchant weapon {unknown}
 j - a scroll of remove curse {unknown}
 k - a scroll of amnesia {unknown}
Potions
 d - a potion of might
 i - 2 potions of lignification {unknown}
Comestibles
 f - 3 bread rations
 l - a slice of pizza


   Skills:
 - Level 2.6 Fighting
 + Level 4.8 Axes
 - Level 3.2 Armour
 - Level 3.2 Shields


You had 3 spell levels left.
You didn't know any spells.

Dungeon Overview and Level Annotations

Branches:
Dungeon (3/15)

Altars:


Innate Abilities, Weirdness & Mutations

You are resistant to damage.
You can recharge devices by infusing magical energy.
You passively map a small area around you.
You do not regenerate naturally.


Message History

Done exploring.
There is a stone staircase leading down here.
You climb downwards.
Found 24 gold pieces.
There is a stone staircase leading up here.
You now have 55 gold pieces (gained 12).
You now have 67 gold pieces (gained 12).
An orc, an orc warrior, an orc priest and 2 orc wizards come into view.
The orc wizard shouts!
The orc shouts!
The orc wizard shouts!
The orc priest shouts!
The orc wizard casts a spell.
The orc wizard seems to speed up.
The orc priest invokes the aid of Beogh against you.
Something smites you!
* * * LOW HITPOINT WARNING * * *
The orc wizard mumbles some strange words.
The orc wizard blinks!
The orc priest invokes the aid of Beogh against you.
Something smites you!
You die...

,, , * ### #.. *
*,* #####.##### *
*###.........####.#
,
.................#
#######.####.#####
#.#######@# #.# *
#.oo§.o.o.# #.# ,
...########
#.######### , ,
#<......... * ,
########### ,, >, ,
* * * ** * *


You could see an orc warrior, an orc priest, an orc wizard and an orc.

Vanquished Creatures
  3 adders (D:2)
  5 giant geckos
  2 giant cockroaches
  5 goblins
  8 hobgoblins
  A quokka (D:2)
  6 bats
  2 giant newts (D:1)
  6 kobolds
  7 rats
45 creatures vanquished.

Notes
Turn   | Place    | Note
--------------------------------------------------------------
     0 | D:1      | Maka the Deep Dwarf Fighter began the quest for the Orb.
     0 | D:1      | Reached XP level 1. HP: 20/20 MP: 1/1
   124 | D:1      | Reached XP level 2. HP: 20/27 MP: 2/2
   761 | D:2      | Reached XP level 3. HP: 22/33 MP: 3/3
   856 | D:2      | Reached skill level 4 in Axes
   995 | D:2      | Reached XP level 4. HP: 20/40 MP: 4/4
  1379 | D:3      | Noticed an orc warrior
  1383 | D:3      | Killed from afar by an orc priest

Vault maps used:
D:1:      saegor_arrival_simple_a, serial_bayou_pond_d, solitary_fountain
D:2:      first_bread, serial_park_tiny_1
D:3:      bloody_trog, old_standard_altar

Action                   |  1- 3 |  4- 6 || total
-------------------------+-------+-------++-------
Melee: War axe           |   130 |    19 ||   149
  Eat: Chunk             |     1 |     1 ||     2
